 Dungeon Crawl Stone Soup version 0.20-a0-1034-gb277f92 (webtiles) character file.

186 Alarkh the Slasher (level 5, 0/41 HPs)
             Began as a Demonspawn Fighter on Apr 21, 2017.
             Succumbed to a worker ant's poison
             ... on level 3 of the Dungeon.
             The game lasted 00:03:15 (3482 turns).

Alarkh the Slasher (Demonspawn Fighter)             Turns: 3482, Time: 00:03:16

Health: 0/41       AC:  6    Str: 18 (20) XL:     5   Next: 38%
Magic:  5/5        EV:  7    Int:  8 (11) God:
Gold:   214        SH:  8    Dex: 10 (12) Spells: 4/4 levels left

rFire    . . .     SeeInvis .   a - +0 long sword
rCold    . . .     Gourm    .   c - +0 shield
rNeg     . . .     Faith    .   b - +0 scale mail
rPois    .         Spirit   .   (no helmet)
rElec    .         Reflect  .   (no cloak)
rCorr    .         Harm     .   (no gloves)
MR       .....                  (no boots)
Stlth    ++........             (no amulet)
Regen    0.2/turn               g - ring of wizardry
MPRegen  0.1/turn               o - +4 ring of strength

@: lethally poisoned (0 -> -18)
A: mutation resistance 1, nightstalker 2, wild magic 2
a: no special abilities


You were on level 3 of the Dungeon.
You were hungry.

You visited 1 branch of the dungeon, and saw 3 of its levels.

You collected 214 gold pieces.

Inventory:

Hand Weapons
 a - a +0 long sword (weapon)
Armour
 b - a +0 scale mail (worn)
 c - a +0 shield (worn)
Jewellery
 g - a ring of wizardry (left hand)
 o - a +4 ring of strength (right hand)
Scrolls
 e - a scroll of identify
 j - 2 scrolls of fog {unknown}
 l - a scroll of blinking {unknown}
 m - a scroll of teleportation {unknown}
 t - a scroll of magic mapping {unknown}
 z - a scroll of random uselessness {unknown}
Comestibles
 f - 3 bread rations
 p - a royal jelly
 q - 4 fruits
 r - a meat ration


   Skills:
 - Level 3.0 Fighting
 + Level 5.1 Long Blades
 - Level 2.6 Armour
 - Level 2.6 Shields


You had 4 spell levels left.
You didn't know any spells.

Dungeon Overview and Level Annotations

Branches:
Dungeon (3/15)

Altars:
Ashenzari
Cheibriados
Dithmenos
Elyvilon
Wu Jian


Innate Abilities, Weirdness & Mutations

You are significantly more attuned to the shadows.
You are somewhat resistant to further mutation.
Your spells are harder to cast, but more powerful.


Message History

You are more poisoned.
The worker ant poisons you!
The worker ant bites you but does no damage.
You hit the worker ant.
The worker ant is severely wounded.
* * * LOW HITPOINT WARNING * * *
You feel very sick.
The worker ant bites you but does no damage.
You slash the worker ant!
You kill the worker ant!
* * * LOW HITPOINT WARNING * * *
You feel sick.
You feel extremely strange.
You feel stronger.
Your thinking seems confused.
You feel genetically stable. A pair of horns grows on your head!
* * * LOW HITPOINT WARNING * * *
You feel sick.
You feel extremely strange. The horns on your head shrink away.
You feel less in control of your magic.
You die...

##.## #.# #.# #.# #.#
#.# #.# #.#######.#
#.# #......##.# #>#.#
######.##)# #.#.#
#.##@# #.#.# #.##.#
#.#.#
#.##.#######.#.######
#.##..........#..g.gg
#.##########.#.#####O
#.# ##.#.# ##
#.#########....# ##
#.#g..g..>..#..# ##.
#.#g#######...#####..


There were no monsters in sight!

Vanquished Creatures
  A worker ant (D:3)
  9 adders (D:2)
  A dart slug (D:2)
  2 leopard geckos (D:1)
  2 orcs (D:3)
  4 giant cockroaches
  11 goblins
  10 hobgoblins
  5 jackals (D:1)
  A quokka (D:2)
  12 bats
  2 frilled lizards
  6 kobolds
  6 rats
72 creatures vanquished.

Notes
Turn   | Place    | Note
-------+----------+-------------------------------------------
     0 | D:1      | Alarkh the Demonspawn Fighter began the quest for the Orb.
     0 | D:1      | Reached XP level 1. HP: 18/18 MP: 1/1
    43 | D:1      | Reached skill level 2 in Long Blades
   207 | D:1      | Gained mutation: You are slightly more attuned to the shadows. [demonic ancestry]
   207 | D:1      | Reached XP level 2. HP: 17/24 MP: 2/2
   659 | D:1      | Reached skill level 3 in Long Blades
  1000 | D:2      | Gained mutation: You are significantly more attuned to the shadows. [demonic ancestry]
  1000 | D:2      | Reached XP level 3. HP: 24/29 MP: 3/3
  1423 | D:2      | Reached XP level 4. HP: 31/35 MP: 4/4
  1514 | D:2      | Reached skill level 4 in Long Blades
  2721 | D:3      | Reached XP level 5. HP: 40/41 MP: 5/5
  2852 | D:3      | Found an ornate altar of the Wu Jian Council.
  2861 | D:3      | Found a shattered altar of Ashenzari.
  2861 | D:3      | Found a shadowy altar of Dithmenos.
  2863 | D:3      | Found a snail-covered altar of Cheibriados.
  2863 | D:3      | Found a white marble altar of Elyvilon.
  2974 | D:3      | HP: 2/41 [something/puff of flame (8)]
  3362 | D:3      | Noticed an ogre
  3420 | D:3      | Reached skill level 5 in Long Blades
  3476 | D:3      | Gained mutation: You are weak. (Str -2) [potion of mutation]
  3476 | D:3      | Gained mutation: You possess an exceptional clarity of mind. [potion of mutation]
  3476 | D:3      | Gained mutation: Your spells are a little harder to cast, but a little more powerful. [potion of mutation]
  3481 | D:3      | Lost mutation: You are weak. (Str -2) [potion of mutation]
  3481 | D:3      | Lost mutation: You possess an exceptional clarity of mind. [potion of mutation]
  3481 | D:3      | Gained mutation: You are somewhat resistant to further mutation. [potion of mutation]
  3481 | D:3      | Gained mutation: You have a pair of small horns on your head. [potion of mutation]
  3481 | D:3      | HP: 1/41 [poisoned by a worker ant]
  3482 | D:3      | Lost mutation: You have a pair of small horns on your head. [potion of mutation]
  3482 | D:3      | Gained mutation: Your spells are harder to cast, but more powerful. [potion of mutation]
  3482 | D:3      | Succumbed to a worker ant's poison

Vault maps used:
D:1:      dpeg_arrival_stonehenge_8_columns
D:2:      first_bread, minmay_mini_jars
D:3:      grunt_temple_overflow_open, minmay_ogre_servants

Skill      XL: |  1  2  3  4  5 |
---------------+----------------+-----
Long Blades    | 2 3 4 5 |  5.1
Fighting       | |  3.0
Armour         | |  2.6
Shields        | |  2.6

Action                   |  1- 3 |  4- 6 || total
-------------------------+-------+-------++-------
Melee: Long sword        |    95 |   188 ||   283
  Use: Scroll            |     1 |       ||     1
       Potion            |       |     9 ||     9
 Stab: Sleeping          |     1 |     9 ||    10
  Eat: Chunk             |     2 |     6 ||     8
Armor: Scale mail        |    55 |   101 ||   156
Dodge: Dodged            |    40 |    67 ||   107
Block: Shield            |    52 |    98 ||   150
       Rpst.: Long sword |    20 |    27 ||    47
